% Time on Ice - COLORADO GLACIERCATS
Lines # - Real PCT - Wanted PCT - Time Play
Normal Forward
1 - 36% - 36% - 17:13
2 - 26% - 33% - 12:12
3 - 26% - 27% - 12:03
4 - 12% - 4% - 5:47
Normal Defense
1 - 31% - 34% - 14:49
2 - 30% - 34% - 14:08
3 - 29% - 25% - 13:54
4 - 9% - 7% - 4:24
PP Forward
1 - 57% - 55% - 3:22
2 - 43% - 45% - 2:35
PP Defense
1 - 43% - 60% - 2:35
2 - 57% - 40% - 3:22
PK Forward
1 - 45% - 50% - 3:04
2 - 55% - 50% - 3:44
PK Defense
1 - 50% - 50% - 3:25
2 - 50% - 50% - 3:23
PK3 Forward
1 - 0% - 50%
2 - 0% - 50%
PK3 Defense
1 - 0% - 50%
2 - 0% - 50%
44 Forward
1 - 0% - 50%
2 - 0% - 50%
44 Defense
1 - 0% - 45%
2 - 0% - 55%
Last Minute Offensive  - 0:00
Last Minute Defensive  - 0:00
Total
Forward - 60:00
Defense - 60:00
% Time on Ice - SAN JOSE BRONCOS
Lines # - Real PCT - Wanted PCT - Time Play
Normal Forward
1 - 34% - 36% - 16:09
2 - 33% - 31% - 15:43
3 - 24% - 23% - 11:17
4 - 9% - 10% - 4:06
Normal Defense
1 - 39% - 36% - 18:29
2 - 21% - 31% - 9:49
3 - 30% - 23% - 14:22
4 - 10% - 10% - 4:35
PP Forward
1 - 48% - 55% - 3:15
2 - 52% - 45% - 3:33
PP Defense
1 - 28% - 55% - 1:54
2 - 72% - 45% - 4:54
PK Forward
1 - 66% - 55% - 3:56
2 - 34% - 45% - 2:01
PK Defense
1 - 14% - 50% - 0:50
2 - 86% - 50% - 5:07
PK3 Forward
1 - 0% - 55%
2 - 0% - 45%
PK3 Defense
1 - 0% - 50%
2 - 0% - 50%
44 Forward
1 - 0% - 55%
2 - 0% - 45%
44 Defense
1 - 0% - 55%
2 - 0% - 45%
Last Minute Offensive  - 0:00
Last Minute Defensive  - 0:00
Total
Forward - 60:00
Defense - 60:00
Play-by-Play 1st period 0:01 of 1st period - Leon Draisaitl wins face-off versus Brayden Point in neutral zone. 0:05 of 1st period - Icing by Jaccob Slavin. 0:06 of 1st period - Tomas Hertl wins face-off versus Brayden Point in SAN JOSE BRONCOS zone. 0:25 of 1st period - Shot by Blake Wheeler. 0:25 of 1st period - Stopped by Jacob Markstrom with a rebound. 0:27 of 1st period - Shot by Tomas Hertl. 0:27 of 1st period - Stopped by Jacob Markstrom without a rebound. 0:28 of 1st period - Kevin Hayes wins face-off versus Elias Lindholm in SAN JOSE BRONCOS zone. 0:43 of 1st period - Shot by Brayden Schenn. 0:43 of 1st period - Shot Hit the Post. 0:45 of 1st period - Shot by Kevin Hayes. 0:45 of 1st period - Deflect By Brayden Schenn. 0:45 of 1st period - Stopped by Jacob Markstrom without a rebound. 0:46 of 1st period - Max Domi wins face-off versus Leon Draisaitl in SAN JOSE BRONCOS zone. 1:09 of 1st period - Shot by Sam Reinhart. 1:09 of 1st period - Deflect By Tage Thompson. 1:09 of 1st period - Stopped by Jacob Markstrom without a rebound. 1:10 of 1st period - Jake Evans wins face-off versus Brayden Schenn in SAN JOSE BRONCOS zone. 1:10 of 1st period - Jake Evans is hit by Brayden Schenn. 1:23 of 1st period - Icing by Jake Bean. 1:24 of 1st period - Tomas Hertl wins face-off versus Jake Evans in SAN JOSE BRONCOS zone. 1:42 of 1st period - Tomas Hertl is hit by Adam Pelech and loses puck. 1:46 of 1st period - Icing by Adam Pelech. 1:47 of 1st period - Kevin Hayes wins face-off versus Pierre-Edouard Bellemare in SAN JOSE BRONCOS zone. 3:50 of 1st period - Icing by Leon Draisaitl. 3:51 of 1st period - Brayden Point wins face-off versus Leon Draisaitl in COLORADO GLACIERCATS zone. 4:12 of 1st period - Shot by Sam Reinhart. 4:12 of 1st period - Stopped by Jacob Markstrom without a rebound. 4:13 of 1st period - Tomas Hertl wins face-off versus Max Domi in SAN JOSE BRONCOS zone. 4:41 of 1st period - Off-side. 4:42 of 1st period - Leon Draisaitl wins face-off versus Oliver Bjorkstrand in neutral zone. 5:14 of 1st period - Shot by Tage Thompson. 5:14 of 1st period - Shot Misses the Net. 5:16 of 1st period - Shot by Sam Reinhart. 5:16 of 1st period - Deflect By Tage Thompson. 5:16 of 1st period - Shot Misses the Net. 5:18 of 1st period - Shot by Sam Reinhart. 5:18 of 1st period - Shot Misses the Net. 5:20 of 1st period - Shot by Leon Draisaitl. 5:20 of 1st period - Stopped by Jacob Markstrom without a rebound. 5:21 of 1st period - Tomas Hertl wins face-off versus Tyler Motte in SAN JOSE BRONCOS zone. 6:02 of 1st period - Shot by Alex Iafallo. 6:02 of 1st period - Shot Hit the Post. 6:04 of 1st period - Shot by Kristopher Letang. 6:04 of 1st period - Shot Blocked by Adam Pelech. 7:43 of 1st period - Minor Penalty to Leon Draisaitl for Hooking. 7:44 of 1st period - Elias Lindholm wins face-off versus Tomas Hertl in COLORADO GLACIERCATS zone. 8:44 of 1st period - Tage Thompson is hit by Pierre-Edouard Bellemare and loses puck. 9:15 of 1st period - Shot by Jaccob Slavin. 9:15 of 1st period - Shot Misses the Net. 9:17 of 1st period - Shot by Jaccob Slavin. 9:17 of 1st period - Stopped by Kaapo Kahkonen without a rebound. 9:18 of 1st period - Elias Lindholm wins face-off versus Kevin Hayes in COLORADO GLACIERCATS zone. 9:21 of 1st period - Shot by Brayden Point. 9:21 of 1st period - Stopped by Kaapo Kahkonen without a rebound. 9:22 of 1st period - Tomas Hertl wins face-off versus Elias Lindholm in COLORADO GLACIERCATS zone. 9:28 of 1st period - Icing by Jacob Middleton. 9:29 of 1st period - Tomas Hertl wins face-off versus Elias Lindholm in SAN JOSE BRONCOS zone. 9:47 of 1st period - Shot by Jaccob Slavin. 9:47 of 1st period - Stopped by Kaapo Kahkonen with a rebound. 9:53 of 1st period - Jake Evans is hit by Jamie Benn and loses puck. 10:04 of 1st period - Shot by Kevin Hayes. 10:04 of 1st period - Stopped by Jacob Markstrom with a rebound. 10:14 of 1st period - Shot by Jamie Benn. 10:14 of 1st period - Shot Misses the Net. 10:16 of 1st period - Shot by Vince Dunn. 10:16 of 1st period - Shot Misses the Net. 10:35 of 1st period - Icing by Neal Pionk. 10:36 of 1st period - Leon Draisaitl wins face-off versus Pierre-Edouard Bellemare in SAN JOSE BRONCOS zone. 10:37 of 1st period - Shot by Tage Thompson. 10:37 of 1st period - Shot Misses the Net. 10:39 of 1st period - Shot by Tage Thompson. 10:39 of 1st period - Stopped by Jacob Markstrom without a rebound. 10:40 of 1st period - Tomas Hertl wins face-off versus Brayden Point in SAN JOSE BRONCOS zone. 11:13 of 1st period - Shot by Tomas Hertl. 11:13 of 1st period - Shot Blocked by Jacob Middleton. 11:13 of 1st period - Jacob Middleton from SAN JOSE BRONCOS is injured at 11:13 of 1st period (Bruised Right Foot). 11:14 of 1st period - Elias Lindholm wins face-off versus Sam Reinhart in SAN JOSE BRONCOS zone. 11:14 of 1st period - Cole Caufield is hit by Leon Draisaitl. 11:44 of 1st period - Mario Ferraro is hit by Ivan Barbashev and loses puck. 12:08 of 1st period - Minor Penalty to Tage Thompson for Interference. 12:09 of 1st period - Pierre-Edouard Bellemare wins face-off versus Tomas Hertl in COLORADO GLACIERCATS zone. 12:23 of 1st period - Icing by Jesper Bratt. 12:24 of 1st period - Pierre-Edouard Bellemare wins face-off versus Kevin Hayes in SAN JOSE BRONCOS zone. 12:37 of 1st period - Shot by Neal Pionk. 12:37 of 1st period - Shot Misses the Net. 12:39 of 1st period - Shot by Neal Pionk. 12:39 of 1st period - Stopped by Kaapo Kahkonen without a rebound. 12:40 of 1st period - Kevin Hayes wins face-off versus Elias Lindholm in COLORADO GLACIERCATS zone. 12:40 of 1st period - Kevin Hayes is hit by Elias Lindholm. 15:03 of 1st period - Shot by Tage Thompson. 15:03 of 1st period - Deflect By Leon Draisaitl. 15:03 of 1st period - Stopped by Jacob Markstrom with a rebound. 15:05 of 1st period - Shot by Sam Reinhart. 15:05 of 1st period - Deflect By Leon Draisaitl. 15:05 of 1st period - Shot Misses the Net. 18:17 of 1st period - Icing by Jake Bean. 18:18 of 1st period - Elias Lindholm wins face-off versus Tomas Hertl in SAN JOSE BRONCOS zone. 18:30 of 1st period - Icing by Mario Ferraro. 18:31 of 1st period - Tomas Hertl wins face-off versus Brayden Point in COLORADO GLACIERCATS zone. 19:14 of 1st period - Shot by Jesper Bratt. 19:14 of 1st period - Stopped by Kaapo Kahkonen with a rebound. 19:16 of 1st period - Shot by Neal Pionk. 19:16 of 1st period - Shot Misses the Net. Goals for this period are 0 for COLORADO GLACIERCATS vs 0 for SAN JOSE BRONCOS. Shots for this period are 9 for COLORADO GLACIERCATS vs 5 for SAN JOSE BRONCOS. 2nd period 0:01 of 2nd period - Leon Draisaitl wins face-off versus Brayden Point in neutral zone. 0:08 of 2nd period - Leon Draisaitl is hit by Brayden Point and loses puck. 0:22 of 2nd period - Shot by Oliver Bjorkstrand. 0:22 of 2nd period - Shot Blocked by Vladislav Gavrikov. 0:28 of 2nd period - Shot by Jesper Bratt. 0:28 of 2nd period - Shot Misses the Net. 0:38 of 2nd period - Shot by Jesper Bratt. 0:38 of 2nd period - Shot Blocked by Vladislav Gavrikov. 2:27 of 2nd period - Shot by Blake Wheeler. 2:27 of 2nd period - Stopped by Jacob Markstrom without a rebound. 2:28 of 2nd period - Linus Sandin wins face-off versus Oliver Bjorkstrand in SAN JOSE BRONCOS zone. 2:29 of 2nd period - Shot by Brayden Schenn. 2:29 of 2nd period - Shot Misses the Net. 2:50 of 2nd period - Shot by Brayden Schenn. 2:50 of 2nd period - Stopped by Jacob Markstrom without a rebound. 2:51 of 2nd period - Elias Lindholm wins face-off versus Leon Draisaitl in SAN JOSE BRONCOS zone. 2:51 of 2nd period - Elias Lindholm is hit by Ilya Lyubushkin. 3:12 of 2nd period - Icing by Luke Schenn. 3:13 of 2nd period - Leon Draisaitl wins face-off versus Brayden Point in COLORADO GLACIERCATS zone. 4:09 of 2nd period - Shot by Blake Wheeler. 4:09 of 2nd period - Stopped by Jacob Markstrom with a rebound. 4:11 of 2nd period - Shot by Vladislav Gavrikov. 4:11 of 2nd period - Stopped by Jacob Markstrom without a rebound. 4:12 of 2nd period - Elias Lindholm wins face-off versus Kevin Hayes in SAN JOSE BRONCOS zone. 4:16 of 2nd period - Off-side. 4:17 of 2nd period - Tomas Hertl wins face-off versus Cole Caufield in neutral zone. 5:02 of 2nd period - Shot by Alex Iafallo. 5:02 of 2nd period - Shot Misses the Net. 5:23 of 2nd period - Shot by Kevin Hayes. 5:23 of 2nd period - Stopped by Jacob Markstrom without a rebound. 5:24 of 2nd period - Brayden Point wins face-off versus Leon Draisaitl in SAN JOSE BRONCOS zone. 5:41 of 2nd period - Shot by Leon Draisaitl. 5:41 of 2nd period - Stopped by Jacob Markstrom without a rebound. 5:42 of 2nd period - Kevin Hayes wins face-off versus Max Domi in SAN JOSE BRONCOS zone. 5:51 of 2nd period - Shot by Vince Dunn